 Dungeon Crawl Stone Soup version 0.23.0 (webtiles) character file.

Game seed: 13816801848355257998

3546 catcat the Grappler (level 9, -8/80 HPs)
             Began as a Troll Fighter on Feb 20, 2019.
             Was a Believer of Okawaru.
             Mangled by a komodo dragon (25 damage)
             ... on level 8 of the Dungeon.
             The game lasted 00:13:19 (6160 turns).

catcat the Grappler (Troll Fighter)                 Turns: 6160, Time: 00:13:19

Health: -8/80      AC:  8    Str: 26    XL:     9   Next: 83%
Magic:  8/8        EV: 10    Int:  4    God:    Okawaru [**....]
Gold:   402        SH: 11    Dex: 12    Spells: 8/8 levels left

rFire    + + .     SeeInvis .     - Unarmed
rCold    . . .     Gourm    +   b - +0 shield
rNeg     . . .     Faith    +   m - +1 robe {MR+}
rPois    .         Spirit   .   (helmet restricted)
rElec    .         Reflect  .   D - +0 cloak
rCorr    .         Harm     .   (gloves unavailable)
MR       +....                  (boots unavailable)
Stlth    +.........             A - amulet of faith
HPRegen  0.63/turn              e - ring of protection from fire
MPRegen  0.11/turn              u - ring of protection from fire

@: no status effects
A: large, unfitting armour, claws 3, fast metabolism 3, gourmand, regeneration
1, shaggy fur 1, tough skin 3
a: Heroism, Renounce Religion


You were on level 8 of the Dungeon.
You worshipped Okawaru.
Okawaru was pleased with you.
You were full.

You visited 2 branches of the dungeon, and saw 9 of its levels.

You collected 402 gold pieces.

Inventory:

Hand Weapons
 C - the +10 whip of an ossuary {flame, MR++}
   (You found it on level 6 of the Dungeon)

   It has been specially enchanted to burn those struck by it, causing extra
   injury to most foes and up to half again as much damage against particularly
   susceptible opponents.
   It affects your resistance to hostile enchantments.
Armour
 a - a +0 robe
 b - a +0 shield (worn)
 m - a +1 robe of magic resistance (worn)
 D - a +0 cloak (worn)
Jewellery
 e - a ring of protection from fire (left claw)
 u - a ring of protection from fire (right claw)
 A - an amulet of faith (around neck)
Wands
 r - a wand of disintegration (17)
 x - a wand of paralysis (12)
Scrolls
 g - 2 scrolls of random uselessness {unknown}
 i - a scroll of amnesia {unknown}
 j - a scroll of fear {unknown}
 k - 6 scrolls of teleportation
 n - 3 scrolls of identify
 o - 3 scrolls of blinking {unknown}
 p - 3 scrolls of fog
 v - a scroll of enchant weapon {unknown}
 y - 2 scrolls of magic mapping {unknown}
 E - a scroll of summoning {unknown}
 F - 2 scrolls of remove curse {unknown}
 G - a scroll of noise {unknown}
Potions
 c - 2 potions of might
 f - 7 potions of curing
 h - 2 potions of lignification
 l - a potion of brilliance {unknown}
 q - a potion of mutation {unknown}
 s - 2 potions of invisibility
 t - 4 potions of agility
 w - a potion of haste {unknown}
 z - 2 potions of cancellation {unknown}
 B - 2 potions of degeneration {unknown}
Comestibles
 d - 20 rations


   Skills:
 - Level 2.4 Fighting
 - Level 2.4 Dodging
 + Level 7.9 Shields
 - Level 11.0 Unarmed Combat


You had 8 spell levels left.
You didn't know any spells.
Your spell library contained the following spells:

 Spells                   Type           Power        Failure   Level  Hunger
 Cause Fear               Hex            #.........   100%        4    #####..
 Silence                  Hex/Air        #.........   100%        5    ######.
 Yara's Violent Unravell  Hex/Tmut       #.........   100%        5    ######.
 Deflect Missiles         Chrm/Air       #.........   100%        6    #######
 Discord                  Hex            #.........   100%        8    #######


Dungeon Overview and Level Annotations

Branches:
Dungeon (8/15)             Temple (1/1) D:5            Lair (0/6) D:8

Altars:
Cheibriados
Dithmenos
Fedhas
Gozag
Hepliaklqana
Kikubaaqudgha
Makhleb
Okawaru
Vehumet
Wu Jian
Xom
Zin
The Shining One

Annotations:
D:8 2 transporters


Innate Abilities, Weirdness & Mutations

You are too large for most types of armour.
You have claws for hands.
Your metabolism is lightning-fast.
You like to eat raw meat.
Your natural rate of healing is unusually fast.
You are covered in fur. (AC +1)
You have extremely tough skin. (AC +3)


Message History

Okawaru accepts your kill.
You claw the komodo dragon!
The komodo dragon is moderately wounded.
The komodo dragon bites you!!
You scratch the komodo dragon.
The komodo dragon is moderately wounded.
The komodo dragon bites you!
You barely miss the komodo dragon.
The komodo dragon is moderately wounded.
The komodo dragon bites you!!
* * * LOW HITPOINT WARNING * * *
You are too injured to fight recklessly!
You are too injured to fight recklessly!
You scratch the komodo dragon.
The komodo dragon is heavily wounded.
You block the komodo dragon's attack.
You claw the komodo dragon!
The komodo dragon is almost dead.
The komodo dragon bites you!!
You die...

#.PP......##.##.##.###
#####.....####..........
#.# #.<......#.#...#.###
#.######.#.###.#...#.#
###............#.#...#.#
#......###.#.#.#.#...#.###
#.####.# #.#.#.# ##.##....
#....#.###l#.#.# #.######
#..#.#.#.@.....# #. ...
#..#.#.#......... .# #####
#..#.#.......###...# #....
#..#.#######...#...# #.##.
#..#.##....#...#...# #.##.
#..#.#....(# ..#...# #.##.
#..#....#.<# ##...# #.##.
##..###.##.##.# #...#
#.##. #.......#.....#
#.ยง.# #.##.


You could see a komodo dragon.

Vanquished Creatures
  A human (D:7)
  A yak (D:7)
  3 hogs (D:7)
  2 water moccasins
  3 ice beasts
  2 phantoms
  A necrophage (D:5)
  An orc warrior (D:7)
  4 ogres
  A centaur (D:2)
  A big kobold (D:8)
  5 bullfrogs
  2 scorpions
  3 howler monkeys
  5 crimson imps
  A bullfrog zombie (D:5)
  A gnoll shaman (D:8)
  2 hounds
  5 orc wizards
  3 orc priests
  A bullfrog skeleton (D:4)
  Crazy Yiuf (D:6)
  A centaur skeleton (D:5)
  3 worker ants
  Robin (D:3)
  4 gnolls (D:8)
  A howler monkey skeleton (D:8)
  11 adders
  2 shadow imps
  An ooze (D:5)
  2 adder skeletons
  A worm (D:3)
  A dart slug (D:1)
  6 leopard geckos
  31 orcs
  3 ball pythons
  8 giant cockroaches
  12 goblins
  10 hobgoblins
  11 jackals
  4 quokkas
  A bat (D:1)
  7 frilled lizards
  12 kobolds
  A quokka zombie (D:7)
  10 rats
193 creatures vanquished.

Vanquished Creatures (others)
  A plant (D:8)
1 creature vanquished.

Grand Total: 194 creatures vanquished

Notes
Turn   | Place    | Note
-------+----------+-------------------------------------------
     0 | D:1      | catcat the Troll Fighter began the quest for the Orb.
     0 | D:1      | Reached XP level 1. HP: 22/22 MP: 0/0
   202 | D:1      | Reached XP level 2. HP: 29/29 MP: 1/1
   691 | D:2      | Reached skill level 3 in Unarmed Combat
   818 | D:2      | Reached XP level 3. HP: 36/36 MP: 2/2
   923 | D:2      | Reached skill level 4 in Unarmed Combat
   923 | D:2      | Reached XP level 4. HP: 24/44 MP: 3/3
  1070 | D:2      | Noticed a centaur
  1080 | D:2      | Killed a centaur
  1080 | D:2      | Reached skill level 5 in Unarmed Combat
  1080 | D:2      | Reached XP level 5. HP: 5/50 MP: 4/4
  1671 | D:3      | Reached skill level 6 in Unarmed Combat
  1752 | D:3      | Found an ornate altar of the Wu Jian Council.
  1762 | D:3      | Noticed Robin
  1775 | D:3      | Reached XP level 6. HP: 59/59 MP: 5/5
  1785 | D:3      | Killed Robin
  2309 | D:3      | Found an ancient bone altar of Kikubaaqudgha.
  2407 | D:4      | Reached skill level 7 in Unarmed Combat
  2807 | D:4      | Reached XP level 7. HP: 48/66 MP: 6/6
  2903 | D:4      | Reached skill level 8 in Unarmed Combat
  3304 | D:5      | Entered Level 5 of the Dungeon
  3318 | D:5      | Found a glowing golden altar of the Shining One.
  3398 | D:5      | Reached skill level 9 in Unarmed Combat
  3406 | D:5      | Found a staircase to the Ecumenical Temple.
  3417 | Temple   | Entered the Ecumenical Temple
  3510 | Temple   | Became a worshipper of Warmaster Okawaru
  3538 | D:5      | Reached XP level 8. HP: 72/74 MP: 7/7
  3659 | D:5      | Found a shadowy altar of Dithmenos.
  3690 | D:5      | Found an iron altar of Okawaru.
  3841 | D:5      | Reached skill level 10 in Unarmed Combat
  4205 | D:6      | Found a blossoming altar of Fedhas.
  4272 | D:6      | Reached skill level 11 in Unarmed Combat
  4280 | D:6      | Reached * piety under Okawaru
  4538 | D:6      | Reached XP level 9. HP: 70/80 MP: 8/8
  4590 | D:6      | Got a twisted whip
  4591 | D:6      | Identified the +10 whip of an ossuary {flame, MR++} (You
                  | found it on level 6 of the Dungeon)
  4600 | D:6      | Found a runed translucent door.
  4601 | D:6      | Noticed Crazy Yiuf
  4736 | D:6      | Killed Crazy Yiuf
  4987 | D:7      | Found a glowing golden altar of the Shining One.
  5033 | D:7      | Reached skill level 5 in Shields
  5228 | D:7      | Reached ** piety under Okawaru
  5980 | D:8      | Found a hazy altar of Hepliaklqana.
  5989 | D:8      | Found a transporter.
  5993 | D:8      | Found a transporter.
  6132 | D:8      | Found a staircase to the Lair.
  6133 | D:8      | Noticed a komodo dragon
  6160 | D:8      | Mangled by a komodo dragon

Skill      XL: |  1  2  3  4  5  6  7  8  9 |
---------------+----------------------------+-----
Unarmed Combat | 3 4 5 6 7 9 11 | 11.0
Shields        | 4 7 |  7.9
Fighting       | |  2.4
Dodging        | |  2.4

Action                   |  1- 3 |  4- 6 |  7- 9 || total
-------------------------+-------+-------+-------++-------
Melee: Unarmed           |   100 |   212 |   286 ||   598
  Use: Scroll            |       |     1 |     5 ||     6
       Potion            |       |       |     1 ||     1
 Stab: Sleeping          |       |     1 |     2 ||     3
       Distracted        |       |       |     1 ||     1
  Eat: Chunk             |    14 |    17 |    21 ||    52
       Ration            |       |       |     2 ||     2
Armor: Robe              |    26 |    62 |    50 ||   138
Dodge: Dodged            |    17 |    55 |    56 ||   128
Block: Shield            |    40 |    68 |    88 ||   196
